 Dungeon Crawl Stone Soup version 0.22.1-1-ga44c0e5 (webtiles) character file.

3782 brandon the Destroyer (level 9, -1/51 HPs)
             Began as a Deep Elf Fire Elementalist on Oct 8, 2018.
             Was a Believer of Vehumet.
             Slain by a black bear (3 damage)
             ... on level 8 of the Dungeon.
             The game lasted 00:18:50 (9329 turns).

brandon the Destroyer (Deep Elf Fire Elementalist)  Turns: 9329, Time: 00:18:51

Health: -1/51      AC:  6    Str:  5    XL:     9   Next: 95%
Magic:  2/24       EV: 13    Int: 24    God:    Vehumet [**....]
Gold:   471        SH:  0    Dex: 15    Spells: 6/26 levels left

rFire    + . .     SeeInvis .   s - +1 whip (holy)
rCold    + . .     Gourm    .   (no shield)
rNeg     . . .     Faith    .   v - +0 robe {rC+}
rPois    .         Spirit   .   h - +0 helmet
rElec    .         Reflect  .   t - +1 cloak
rCorr    .         Harm     .   j - +0 pair of gloves
MR       .....                  (no boots)
Stlth    ++........             (no amulet)
HPRegen  0.17/turn              q - ring of protection from fire
MPRegen  0.19/turn              (no ring)

@: no status effects
A: no striking features
a: Renounce Religion


You were on level 8 of the Dungeon.
You worshipped Vehumet.
Vehumet was pleased with you.
You were not hungry.

You visited 2 branches of the dungeon, and saw 9 of its levels.
You also visited: Sewer.

You collected 471 gold pieces.

Inventory:

Hand Weapons
 s - a +1 whip of holy wrath (weapon)
Armour
 h - a +0 helmet (worn)
 j - a +0 pair of gloves (worn)
 t - a +1 cloak (worn)
 v - a +0 robe of cold resistance (worn)
Jewellery
 q - a ring of protection from fire (left hand)
 y - an uncursed ring of protection from cold {unknown}
Wands
 f - a wand of scattershot (7)
 w - a wand of flame (37)
 z - a wand of acid (5)
Scrolls
 a - 4 scrolls of identify
 b - 5 scrolls of remove curse
 e - 5 scrolls of teleportation
 g - 2 scrolls of amnesia {unknown}
 m - a scroll of fear
 p - a scroll of blinking {unknown}
 x - 3 scrolls of enchant armour {unknown}
 B - a scroll of fog {unknown}
 C - a scroll of noise {unknown}
Potions
 d - a potion of ambrosia {unknown}
 i - a potion of degeneration {unknown}
 k - 2 potions of cancellation
 l - a potion of mutation {unknown}
 n - 2 potions of curing {unknown}
 o - a potion of haste {unknown}
 r - a potion of magic {unknown}
 u - a potion of heal wounds
 A - 2 potions of berserk rage {unknown}
 E - 2 potions of flight {unknown}
 F - 4 potions of agility {unknown}
Comestibles
 c - 15 rations
 D - 3 chunks of flesh


   Skills:
 + Level 3.6 Fighting
 - Level 2.4 Dodging
 - Level 2.4 Stealth
 + Level 9.4 Spellcasting
 * Level 10.4 Conjurations
 + Level 8.1 Fire Magic


You had 6 spell levels left.
You knew the following spells:

 Your Spells              Type           Power        Failure   Level  Hunger
a - Flame Tongue          Conj/Fire      #####        1%          1    None
b - Magic Dart            Conj           ####         1%          1    None
c - Conjure Flame         Conj/Fire      ######..     1%          3    None
d - Sticky Flame          Conj/Fire      ######..     1%          4    ##.....
e - Fireball              Conj/Fire      ######....   3%          5    ####...
f - Blink                 Tloc           N/A          9%          2    None
g - Call Imp              Summ           ##......     9%          2    None
h - Throw Flame           Conj/Fire      ######       1%          2    None

Your spell library contained the following spells:

 Spells                   Type           Power        Failure   Level  Hunger
 Throw Frost              Conj/Ice       #####.       1%          2    None
 Inner Flame              Hex/Fire       ####....     3%          3    None
 Mephitic Cloud           Conj/Pois/Air  ####....     4%          3    None
 Slow                     Hex            ##......     9%          2    None


Dungeon Overview and Level Annotations

Branches:
Dungeon (8/15)             Temple (1/1) D:5
   Lair: D:8-11

Altars:
Ashenzari
Cheibriados
Dithmenos
Elyvilon
Fedhas
Gozag
Hepliaklqana
Kikubaaqudgha
Makhleb
Nemelex Xobeh
Okawaru
Qazlal
Ru
Sif Muna
Trog
Uskayaw
Vehumet
Wu Jian
Xom
Yredelemnul
Zin
The Shining One

Annotations:
D:2 1 runed door
D:4 2 transporters


Message History

* * * LOW HITPOINT WARNING * * *
The black bear claws you but does no damage.
The black bear misses you. The black bear bites you.
* * * LOW HITPOINT WARNING * * *
The black bear claws you.
* * * LOW HITPOINT WARNING * * *
The black bear claws you but does no damage.
The black bear barely misses you. The black bear misses you.
The black bear claws you.
* * * LOW HITPOINT WARNING * * *
The black bear bites you.
* * * LOW HITPOINT WARNING * * *
The black bear claws you but does no damage.
The black bear claws you.
* * * LOW HITPOINT WARNING * * *
The black bear bites you!
* * * LOW HITPOINT WARNING * * *
The black bear claws you.
You die...

# ########### ##
......)...########## #.
########.h@........########
#.###.#####......... #..#
#.# #.# #.######## #h.# #.#
#.# #.# #..# #.# #.# #.#
#..# #.# #)# #.########
#(.# #.# #.#####.........
#..# #.# #........#######
#..######## #.# #######..#


You could see a black bear (berserk).

Vanquished Creatures
  A two-headed ogre (D:8)
  A wyvern (D:8)
  Purgy (Sewer)
  An ice beast (D:5)
  A sky beast (D:5)
  A black bear (D:5)
  A necrophage (D:7)
  3 centaurs
  5 ogres
  2 bullfrogs
  A big kobold (D:7)
  A water moccasin skeleton (D:8)
  3 scorpions
  3 killer bees (D:8)
  2 electric eels (D:7)
  7 wights (D:8)
  A howler monkey (D:6)
  2 quasits
  3 crimson imps
  2 hounds (D:5)
  2 bullfrog skeletons
  An orc wizard (D:7)
  A centaur skeleton (D:6)
  2 iguanas
  A gnoll shaman (D:5)
  Natasha (twice) (D:2)
  2 worker ants (D:5)
  2 hound skeletons
  14 gnolls
  A howler monkey skeleton (D:6)
  12 adders
  A shadow imp (D:6)
  An ooze (D:3)
  4 worms
  5 dart slugs
  9 leopard geckos
  24 orcs
  10 giant cockroaches
  11 goblins
  5 hobgoblins
  11 jackals
  A quokka (D:5)
  2 ball pythons (D:2)
  11 bats
  4 frilled lizards
  15 kobolds
  8 rats
204 creatures vanquished.

Notes
Turn   | Place    | Note
-------+----------+-------------------------------------------
     0 | D:1      | brandon the Deep Elf Fire Elementalist began the quest for
                  | the Orb.
     0 | D:1      | Reached XP level 1. HP: 10/10 MP: 6/6
   307 | D:1      | Reached XP level 2. HP: 16/16 MP: 5/8
   311 | D:1      | Learned a level 2 spell: Throw Flame
   442 | D:1      | Found a shattered altar of Ashenzari.
   494 | D:1      | Reached skill level 2 in Conjurations
   676 | D:1      | Reached XP level 3. HP: 14/20 MP: 3/9
   688 | D:1      | Learned a level 3 spell: Conjure Flame
  1115 | D:2      | Reached skill level 1 in Fighting
  1208 | D:2      | Reached XP level 4. HP: 25/25 MP: 3/11
  1214 | D:2      | Learned a level 4 spell: Sticky Flame
  1410 | D:2      | Noticed Natasha
  1417 | D:2      | Killed Natasha
  1417 | D:2      | Reached skill level 3 in Conjurations
  1857 | D:2      | Found a runed door.
  1902 | D:2      | Noticed Natasha
  1931 | D:2      | Killed Natasha
  1931 | D:2      | Reached XP level 5. HP: 15/29 MP: 3/13
  2675 | D:3      | You fall through a shaft!
  2706 | D:4      | Reached skill level 4 in Conjurations
  2805 | D:4      | Found a glowing golden altar of the Shining One.
  2806 | D:4      | Found an ornate altar of the Wu Jian Council.
  2890 | D:4      | Found a transporter.
  3070 | D:4      | Reached XP level 6. HP: 13/34 MP: 0/15
  3325 | D:4      | Found a transporter.
  3514 | D:4      | Reached skill level 5 in Spellcasting
  3717 | D:3      | Reached skill level 5 in Conjurations
  4156 | D:3      | Found a white marble altar of Elyvilon.
  4231 | D:3      | Found a basalt altar of Yredelemnul.
  4481 | D:5      | Entered Level 5 of the Dungeon
  4545 | D:5      | Found a hide-covered altar of Uskayaw.
  4580 | D:5      | Noticed a sky beast
  4588 | D:5      | Killed a sky beast
  4588 | D:5      | Reached skill level 5 in Fire Magic
  4588 | D:5      | Reached XP level 7. HP: 38/38 MP: 9/17
  4633 | D:5      | Reached skill level 6 in Conjurations
  5266 | D:5      | Found a staircase to the Ecumenical Temple.
  5286 | Temple   | Entered the Ecumenical Temple
  5489 | D:5      | Found a radiant altar of Vehumet.
  5492 | D:5      | Identified Vehumet's Handbook of Attacks
  5495 | D:5      | Found an ancient bone altar of Kikubaaqudgha.
  5496 | D:5      | Found a deep blue altar of Sif Muna.
  5543 | D:5      | Became a worshipper of Vehumet
  5560 | D:5      | Learned a level 5 spell: Fireball
  5562 | D:5      | Learned a level 1 spell: Magic Dart
  5565 | D:5      | Learned a level 2 spell: Blink
  5594 | D:5      | Reached skill level 7 in Conjurations
  5594 | D:5      | Reached XP level 8. HP: 39/43 MP: 13/20
  5659 | D:5      | Learned a level 2 spell: Call Imp
  6045 | D:6      | Found a glowing drain.
  6061 | Sewer    | Entered a sewer
  6132 | Sewer    | Noticed Purgy
  6139 | Sewer    | Killed Purgy
  6335 | D:6      | Reached skill level 8 in Conjurations
  6480 | D:6      | Reached * piety under Vehumet
  6480 | D:6      | Offered knowledge of Shock by Vehumet.
  7304 | D:6      | Reached XP level 9. HP: 48/48 MP: 16/23
  7403 | D:7      | Reached ** piety under Vehumet
  7403 | D:7      | Offered knowledge of Sandblast by Vehumet.
  7403 | D:7      | Reached skill level 9 in Conjurations
  8602 | D:8      | Offered knowledge of Throw Frost by Vehumet.
  9055 | D:8      | Found a shattered altar of Ashenzari.
  9055 | D:8      | Noticed a two-headed ogre
  9058 | D:8      | Found a sacrificial altar of Ru.
  9061 | D:8      | Killed a two-headed ogre
  9061 | D:8      | Reached skill level 10 in Conjurations
  9329 | D:8      | HP: 2/51 [black bear (7)]
  9329 | D:8      | Slain by a black bear

Skill      XL: |  1  2  3  4  5  6  7  8  9 |
---------------+----------------------------+-----
Conjurations   | 2 3 4 5 7 8 10 | 10.4
Fighting       | 1 2 3 |  3.6
Spellcasting   | 4 5 6 8 9 |  9.4
Fire Magic     | 4 5 6 7 8 |  8.1
Dodging        | |  2.4
Stealth        | |  2.4

Action                   |  1- 3 |  4- 6 |  7- 9 || total
-------------------------+-------+-------+-------++-------
Melee: Club              |     2 |     3 |       ||     5
       Whip              |       |     2 |    44 ||    46
 Cast: Flame Tongue      |    52 |    85 |   177 ||   314
       Throw Flame       |    16 |    51 |     6 ||    73
       Sticky Flame      |       |     1 |    21 ||    22
       Conjure Flame     |       |     1 |     5 ||     6
       Magic Dart        |       |       |    74 ||    74
       Fireball          |       |       |    12 ||    12
       Call Imp          |       |       |     3 ||     3
  Use: Scroll            |       |     4 |     1 ||     5
 Stab: Sleeping          |       |     1 |       ||     1
  Eat: Chunk             |     1 |    11 |    15 ||    27
       Ration            |       |       |     1 ||     1
Armor: Robe              |     4 |    59 |    28 ||    91
Dodge: Dodged            |    19 |    92 |    90 ||   201
